AoeStats
← Fatninja92

Arabia

506264964Analyzed
1v1 RM · 20d ago on Sep 13, 2026· 55m 5s· 2 players
Game mode
Random Map
Map size
Tiny (2 player)
Population
200
Speed
Normal
Resources
Standard
Victory
Conquest
Starting age
Dark Age
Ending age
Imperial Age
RankedLock teamsTeams togetherTeam positionsShared explorationLock speedFull tech treeHidden civsTurbo modeCheats
Victory
Defeat
🇧🇷 Mongols · Brazil
1037
+15
🇲🇽 Magyars · Mexico
1025
-15
Argueta2210
9:55 Feudal Age
11:55 Loom
24:48 Castle Age
23:18 Bloodlines
23:16 Scale Barding Armor
24:40 Scale Mail Armor
25:36 Husbandry
24:56 Light Cavalry
26:34 Double-Bit Axe
26:33 Horse Collar
31:15 Wheelbarrow
35:00 Pikeman
37:01 Chain Barding Armor
36:32 Fletching
37:13 Gold Mining
38:15 Scale Mail Armor
38:11 Bodkin Arrow
39:07 Bow Saw
39:43 Chain Mail Armor
40:44 Hand Cart
41:36 Arson
46:42 Imperial Age
44:56 Heavy Plow
45:05 Padded Archer Armor
45:20 Crossbowman
47:14 Corvinian Army
48:07 Parthian Tactics
47:37 Halberdier
50:09 Chemistry
49:30 Ballistics
52:05 Onager
54:17 Onager
Fatninja92
5:56 Loom
8:49 Feudal Age
9:40 Double-Bit Axe
22:50 Wheelbarrow
25:44 Castle Age
24:25 Bloodlines
24:48 Scale Mail Armor
25:34 Scale Barding Armor
27:09 Bow Saw
26:43 Horse Collar
28:02 Husbandry
29:31 Chain Barding Armor
29:21 Forging
31:46 Iron Casting
39:40 Imperial Age
37:50 Gold Mining
40:57 Conscription
41:35 Heavy Camel Rider
42:27 Fletching
44:15 Gold Shaft Mining
43:31 Stone Mining
48:27 Bodkin Arrow
50:06 Bracer
53:02 Chemistry
52:02 Murder Holes
51:46 Heavy Scorpion
Connection lost

Rejoining the realm…

Still unreachable

The connection could not be restored.

Session expired

The server has moved on; the page needs a fresh start.